 Dungeon Crawl Stone Soup version 0.27.1-2-g3b301248ec (webtiles) character file.

Game seed: 12456772926660261119

21 Descartes the Sneak (level 2, -2/13 HPs)
             Began as a Spriggan Enchanter on Oct 2, 2021.
             Slain by a goblin (4 damage)
             ... led by Robin
             ... on level 1 of the Dungeon.
             The game lasted 00:01:20 (1317 turns).

Descartes the Sneak (Spriggan Enchanter)            Turns: 1317, Time: 00:01:20

Health: -2/13      AC:  2    Str:  4    XL:     2   Next: 62%
Magic:  7/7        EV: 17    Int: 16    God:
Gold:   84         SH:  0    Dex: 15    Spells: 6/7 levels left

rFire    . . .     SeeInvis +   a - +1 dagger
rCold    . . .     Faith    .   (shield restricted)
rNeg     . . .     Spirit   .   b - +0 robe
rPois    .         Reflect  .   (helmet restricted)
rElec    .         Harm     .   (no cloak)
rCorr    .         Rampage  .   (gloves unavailable)
Will     .....                  (boots unavailable)
Stlth    +++.......             (no amulet)
HPRegen  0.04/turn              (no ring)
MPRegen  0.10/turn              (no ring)

@: very quick
A: very small, no large weapons, unfitting armour, see invisible, speed 3
a: no special abilities


You were on level 1 of the Dungeon.
You visited 1 branch of the dungeon, and saw 2 of its levels.

You collected 84 gold pieces.

Inventory:

Hand Weapons
 a - a +1 dagger (weapon)
 e - a +0 antimagic dagger
Missiles
 c - 62 stones
 f - 18 poisoned darts
Armour
 b - a +0 robe (worn)
Potions
 d - a potion of curing {unknown}


   Skills:
 + Level 1.6 Short Blades
 + Level 3.1 Dodging
 + Level 4.8 Stealth
 - Level 3.0 Spellcasting
 + Level 3.9 Hexes


You had 6 spell levels left.
You knew the following spells:

 Your Spells              Type           Power      Damage    Failure   Level
a - Corona                Hex            15%        N/A       3%          1

Your spell library contained the following spells:

 Spells                   Type           Power      Damage    Failure   Level
 Confusing Touch          Hex            14%        N/A       11%         3
 Tukima's Dance           Hex            14%        N/A       11%         3
 Ensorcelled Hibernation  Hex/Ice        16%        N/A       13%         2
 Dazzling Flash           Conj/Hex       16%        N/A       26%         3


Dungeon Overview and Level Annotations

Branches:
Dungeon (2/15)

Altars:

Annotations:
D:2 Robin


Innate Abilities, Weirdness & Mutations

You are very small and have problems with some larger weapons.
You are too small for most types of armour.
You have supernaturally acute eyesight. (SInv)
You cover ground extremely quickly. (Speed+++)


Message History

The goblin is heavily wounded.
The goblin completely misses you.
You hit the goblin.
You kill the goblin!
Things that are here:
a +0 dagger; a goblin corpse HP restored.
Done exploring.
Things that are here:
a +0 dagger; a goblin corpse
There is a stone staircase leading down here.
You climb downwards.
Level annotation: Robin The hobgoblin closely misses you.
The goblin hits you but does no damage. The goblin hits you with a +0 dagger.
The goblin hits you with a +0 club. The hobgoblin misses you.
The goblin closely misses you. The goblin barely misses you.
The goblin misses you.
There is a stone staircase leading up here.
The goblin hits you with a +0 club. The hobgoblin misses you.
The goblin hits you but does no damage. The goblin misses you.
The goblin barely misses you.
You climb upwards.
There is a stone staircase leading down here.
You hit the goblin but do no damage. The hobgoblin misses you.
You hit the goblin but do no damage. The goblin barely misses you.
The hobgoblin hits you.
You barely miss the goblin. The goblin completely misses you.
The hobgoblin misses you.
You closely miss the goblin. The goblin hits you with a +0 dagger.
The hobgoblin closely misses you.
You hit the goblin but do no damage. The goblin hits you with a +0 dagger.
* * * LOW HITPOINT WARNING * * *
The hobgoblin misses you.
You barely miss the goblin. The goblin closely misses you.
The hobgoblin hits you.
* * * LOW HITPOINT WARNING * * *
You hit the goblin.
The goblin is severely wounded.
The goblin hits you with a +0 dagger.
You die...

#.#.# #.......... #.#.#
#####..#### #...# #..###.
#..## #...##.
#..#################.#.##.
#.........................
##.#################.#.##.
#.#################.#.##.
#....ggg@gg...........##.
###################......
######. #. #. ##


You could see a hobgoblin and 4 goblins.

Vanquished Creatures
  A worm (D:2)
  A bat (D:1)
  3 goblins (D:1)
  A hobgoblin (D:1)
  3 kobolds (D:1)
  A quokka (D:1)
  3 ball pythons (D:1)
  4 frilled lizards (D:1)
  A rat (D:1)
18 creatures vanquished.

Notes
Turn   | Place    | Note
-------+----------+-------------------------------------------
     0 | D:1      | Descartes the Spriggan Enchanter began the quest for the
                  | Orb.
     0 | D:1      | Reached XP level 1. HP: 9/9 MP: 5/5
   388 | D:1      | Reached XP level 2. HP: 13/13 MP: 6/6
  1123 | D:2      | Noticed Robin
  1317 | D:1      | Slain by a goblin

Illustrated notes

Levels and vault maps discovered:
D:1:      minmay_arrival_loop, layout_loops_ring, minivault_24
D:2:      layout_rooms, serial_shops, shop_coins,
          chequers_serial_rivers_micro_b, uniq_terence, uniq_jessica, uniq_robin

Skill      XL: |  1  2 |
---------------+-------+-----
Dodging        | 3 |  3.1
Spellcasting   | 3 |  3.0
Short Blades   | |  1.6
Stealth        | |  4.8
Hexes          | |  3.9

Action                   || total
-------------------------++-------
Melee: Dagger            ||    64
 Stab: Sleeping          ||     9
Armor: Robe              ||     7
Dodge: Dodged            ||    60
